[Event "*** Titled Tuesday Blitz"]
[Site "Chess.com"]
[Date "2020.05.05"]
[Round "5"]
[White "oskariot"]
[Black "TerorPtica"]
[Result "1/2-1/2"]
[WhiteElo "2619"]
[BlackElo "2824"]
[TimeControl "180+1"]
[EndTime "10:56:46 PDT"]
[Termination "Game drawn by repetition"]

1. e4 c5 2. Nf3 d6 3. d4 cxd4 4. Nxd4 Nf6 5. Nc3 g6 6. Be3 Bg7 7. f3 Nc6 8. Qd2 O-O 9. Bc4 Bd7 10. h4 Ne5 11. Bb3 h5 12. O-O-O Rc8 13. Bg5 Rc5 14.
f4 Nc4 15. Qd3 Na5 16. Kb1 Qc8 17. Bxf6 Bxf6 18. Nd5 Nxb3 19. Nxf6+ exf6 20. Nxb3 Rc4 21. f5 gxf5 22. Qxd6 Be6 23. Qg3+ Kh7 24. Qf3 fxe4 25. Qxh5+ Kg7 26. Rh3 Bxh3 27. gxh3 Rg8 28. c3 Qxh3 29.
Rg1+ Kf8 30. Qh6+ Ke7 31. Rxg8 Qd3+ 32. Kc1 Qf1+ 33. Kc2 Qd3+ 34. Kc1 Qf1+ 35. Kd2 Qf2+ 36. Kd1 Qf1+ 37. Kc2 Qd3+ 38. Kc1 1/2-1/2

[Event "*** Titled Tuesday Blitz"]
[Site "Chess.com"]
[Date "2020.05.05"]
[Round "5"]
[White "lolo9292"]
[Black "swimmerchess"]
[Result "1/2-1/2"]
[WhiteElo "2511"]
[BlackElo "2717"]
[TimeControl "180+1"]
[EndTime "10:56:46 PDT"]
[Termination "Game drawn - insufficient material"]

1. d4 Nf6 2. c4 g6 3. f3 d5 4. cxd5 Nxd5 5. e4 Nb6 6. Nc3 Bg7 7. Be3 O-O 8. Qd2 e5 9. d5 c6 10. h4 cxd5 11. exd5 N8d7 12. h5 Nf6 13. hxg6 fxg6 14. O-O-O Bd7 15. Kb1 Rc8 16. d6 e4 17. fxe4 Rxc3 18.
Qxc3 Nfd5 19. Qb3 Ba4 20. Bxb6 Bxb3 21. Bxd8 Bxd1 22. Bc4 Rxd8 23. Bxd5+ Kf8 24. Nh3 Bg4 25. Ng5 Rxd6 26. Nxh7+ Ke7 27. Rf1 Be6 28. Bxe6 Rxe6 29. Ng5 Rf6 30. Rxf6 Bxf6 31. Nf3 Ke6 32. b3 g5 33. g4 b5 34. Kc2 a6 35. Kd3 Kd6 36. Nd4 Ke5 37. Ke3 Kd6 38. Nf3 Bd8 39. Kd3 Ke6 40.
a4 bxa4 41. bxa4 Bf6 42. Kc4 Kd6 43. Kb4 Bd8 44. Nd4 Bf6 45. Nf3 Bd8 46. Kc4 Bf6 47. e5+ Bxe5 48. Nxg5 Ba1 49. Nf3 Bf6 50. Kb4 Bd8 51.
a5 Kd5 52. g5 Ke4 53. g6 Bf6 54. Nd2+ Kf5 55. g7 Bxg7 56. Nb3 Bf8+ 57. Kc4 Ke6 58.
Nd4+ Kd6 59. Nf3 Kc6 60. Ne5+ Kb7 61. Nd7 Bd6 62. Nf6 Bc7 63. Kb4 Bxa5+ 64. Kxa5 Kc6 65. Nd5 Kxd5 66. Kxa6 1/2-1/2

[Event "*** Titled Tuesday Blitz"]
[Site "Chess.com"]
[Date "2020.05.05"]
[Round "5"]
[White "Gurvich_Vitaly"]
[Black "SlavenPastar"]
[Result "1/2-1/2"]
[WhiteElo "2538"]
[BlackElo "2366"]
[TimeControl "180+1"]
[EndTime "10:56:46 PDT"]
[Termination "Game drawn - insufficient material"]

1. e4 b6 2. d4 Bb7 3. Nc3 e6 4. Nf3 Bb4 5. Bd3 Nf6 6. e5 Ne4 7.
Bd2 Nxd2 8. Qxd2 Bxf3 9. gxf3 Qh4 10. Be4 Nc6 11. a3 Bxc3 12. Qxc3 O-O-O 13. O-O-O Ne7 14. b4 f5 15. exf6 gxf6 16. a4 f5 17. Bd3 Kb8 18.
a5 Qf4+ 19. Kb2 Qxf3 20. axb6 cxb6 21. Ra1 Rc8 22. Qa3 Rc7 23. b5 Nd5 24. Qd6 Qf4 25.
Qxf4 Nxf4 26. Ra3 Rhc8 27. Rg1 Nxd3+ 28. Rxd3 Rxc2+ 29. Kb3 Rxf2 30. Rg7 Rc7 31. Rxh7 Kb7 32. d5 exd5 33. Rxd5 Rf3+ 34. Kb4 a5+ 35. bxa6+ Kxa6 36.
Rdxd7 Rf4+ 37. Kb3 Rf3+ 38. Kb4 Rf4+ 39. Kb3 Rxd7 40.
Rxd7 Rf3+ 41. Kb4 Rf2 42. Rf7 Rf4+ 43. Kb3 Kb5 44. h4 Rf3+ 45. Kb2 Kb4 46. h5 Rf2+ 47. Kc1 Kc3 48. Rc7+ Kb3 49. Rc6 b5 50. h6 b4 51. h7 Rf1+ 52. Kd2 Rf2+ 53. Ke3 Rh2 54. Rc7 Rh3+ 55. Kf4 Kb2 56. Kxf5 b3 57. Kg6 Kb1 58. Rb7 b2 59. Rxb2+ Kxb2 60. Kg7 Rg3+ 61. Kf8 Rh3 62. Kg8 Rxh7 63. Kxh7 1/2-1/2

[Event "*** Titled Tuesday Blitz"]
[Site "Chess.com"]
[Date "2020.05.05"]
[Round "5"]
[White "seastar"]
[Black "Funkmaus"]
[Result "0-1"]
[WhiteElo "2056"]
[BlackElo "2217"]
[TimeControl "180+1"]
[EndTime "10:56:46 PDT"]
[Termination "Funkmaus won by checkmate"]

1. d4 d5 2. c4 c6 3. cxd5 cxd5 4.
Nc3 Nf6 5. Bf4 Nc6 6. e3 Bf5 7. Rc1 e6 8. Bb5 Bd6 9. Bxd6 Qxd6 10. f4 O-O 11. Nf3 Rac8 12. O-O a6 13. Bd3 Bg6 14. Ne5 b5 15. Bxg6 hxg6 16. Qf3 b4 17. Na4 Ne4 18. Rfd1 Nxe5 19. fxe5 Qe7 20. Qe2 a5 21. b3 Qh4 22.
g3 Qg5 23. Kg2 Rfd8 24. Qd3 Qf5 25. Rf1 Rxc1 26. Rxf5 gxf5 27. Nc5 Nxc5 28. dxc5 Rc8 29. Qa6 R1xc5 30. Qd6 g5 31. h4 g4 32. e4 Rc2+ 33.
Kf1 Rc1+ 34. Ke2 R8c2+ 35. Kd3 Rc3+ 36. Kd4 Rd1# 0-1

[Event "*** Titled Tuesday Blitz"]
[Site "Chess.com"]
[Date "2020.05.05"]
[Round "5"]
[White "LiemLe"]
[Black "Arjun2002"]
[Result "1-0"]
[WhiteElo "2965"]
[BlackElo "2645"]
[TimeControl "180+1"]
[EndTime "10:56:47 PDT"]
[Termination "LiemLe won by resignation"]

1. d4 d5 2. c4 c6 3. Nf3 Nf6 4. g3 Bg4 5. Ne5 Bf5 6. cxd5 cxd5 7. Nc3 e6 8. Qa4+ Nbd7 9. e4 Bxe4 10. f3 Bg6 11. Bg5 a6 12. Nxd7 Qxd7 13. Bb5 axb5 14. Qxa8+ Ke7 15. Rc1 h6 16. Bf4 Ne8 17. O-O f6 18.
Qa5 Kf7 19. Rfd1 b4 20. Na4 Bd6 21. Nb6 Qd8 22. Rc8 Qe7 23. Bxd6 Qxd6 24. Qc5 Rf8 25.
Rc1 e5 26. Qxd6 Nxd6 27. R1c7+ Kg8 28. Rxf8+ Kxf8 29. dxe5 fxe5 30. Nd7+ Ke8 31. Nxe5 Bb1 32. a3 b3 33. Rxg7 b5 34. Kf2 Nc4 35. Nxc4 bxc4 36.
Ke3 Bf5 37. Kd4 Bd7 38. Rh7 Kd8 39. Rxh6 Kc7 40. g4 c3 41. Kxc3 1-0

[Event "*** Titled Tuesday Blitz"]
[Site "Chess.com"]
[Date "2020.05.05"]
[Round "5"]
[White "youngKID"]
[Black "PaulfromSPb"]
[Result "0-1"]
[WhiteElo "2779"]
[BlackElo "2614"]
[TimeControl "180+1"]
[EndTime "10:56:47 PDT"]
[Termination "PaulfromSPb won by checkmate"]

1. e4 c5 2. Nc3 Nc6 3. g3 g6 4. Bg2 Bg7 5. f4 d6 6. Nf3 e6 7.
d3 Nge7 8. O-O Rb8 9. Be3 Nd4 10. Rb1 O-O 11. Ne2 Nec6 12. c3 Nxf3+ 13. Bxf3 b6 14. g4 d5 15. e5 d4 16. Bxc6 dxe3 17. g5 Bb7 18. Bxb7 Rxb7 19. Rf3 Qd5 20. Rxe3 Qxa2 21. c4 Rd7 22. Nc3 Qa6 23. Qe1 Rfd8 24. Rd1 Rd4 25. Qh4 b5 26. Nxb5 Rxc4 27. Nd6 Qa4 28. Rde1 Rxf4 29.
Qh3 Rg4+ 30. Rg3 Qd4+ 31. Kh1 Rh4 32. Qf1 Bxe5 33. Qxf7+ Kh8 34. Qxe6 Bxg3 35. Nf7+ Kg7 36. Nxd8 Rxh2# 0-1

[Event "*** Titled Tuesday Blitz"]
[Site "Chess.com"]
[Date "2020.05.05"]
[Round "5"]
[White "nurgyulsalimova"]
[Black "Sashadav97"]
[Result "0-1"]
[WhiteElo "2580"]
[BlackElo "2758"]
[TimeControl "180+1"]
[EndTime "10:56:47 PDT"]
[Termination "Sashadav97 won by resignation"]

1. d4 Nf6 2. c4 e6 3. Nf3 c5 4. g3 d5 5. cxd5 exd5 6. Nc3 Nc6 7. Bg2 cxd4 8. Nxd4 Bc5 9. Nb3 Bb6 10. O-O d4 11. Na4 O-O 12. Nxb6 axb6 13. Bxc6 bxc6 14. Qxd4 Ba6 15. Qxd8 Rfxd8 16. Re1 Bc4 17. Bg5 c5 18. Nc1 h6 19. Bf4 Rd7 20. b3 Bb5 21. e4 Re8 22.
f3 g5 23. Be3 g4 24. Bxh6 gxf3 25. a4 Ng4 26. Be3 Rxe4 27. axb5 Rxe3 28. Rxe3 Rd1+ 0-1

[Event "*** Titled Tuesday Blitz"]
[Site "Chess.com"]
[Date "2020.05.05"]
[Round "5"]
[White "dopolian"]
[Black "jfriedel"]
[Result "0-1"]
[WhiteElo "2401"]
[BlackElo "2570"]
[TimeControl "180+1"]
[EndTime "10:56:47 PDT"]
[Termination "jfriedel won on time"]

1. e4 e5 2. Nf3 Nc6 3. Bb5 a6 4.
Ba4 Nf6 5. O-O Be7 6. Re1 b5 7. Bb3 d6 8. c3 O-O 9. h3 Nb8 10. d4 Nbd7 11. Nbd2 Bb7 12. Bc2 Re8 13. a3 Bf8 14. b4 g6 15. Bb2 Bg7 16. d5 c6 17.
c4 Rc8 18. a4 cxd5 19. cxd5 Nb6 20. axb5 axb5 21. Ra5 Nc4 22. Nxc4 bxc4 23. Bc3 Nh5 24. Qd2 Nf4 25. Rea1 Qf6 26. Qe3 Bh6 27. Kh2 Nxg2 28.
Qxh6 Qxf3 29. Bd1 Qxf2 30. R1a2 Qf4+ 0-1

[Event "*** Titled Tuesday Blitz"]
[Site "Chess.com"]
[Date "2020.05.05"]
[Round "5"]
[White "SummertimeFun"]
[Black "tufferguy"]
[Result "0-1"]
[WhiteElo "2192"]
[BlackElo "2363"]
[TimeControl "180+1"]
[EndTime "10:56:47 PDT"]
[Termination "tufferguy won by checkmate"]

1. d4 d5 2. c4 dxc4 3. Nf3 Nf6 4. g3 Nc6 5. Bg2 e5 6. O-O exd4 7. Bg5 Be7 8. Bxf6 Bxf6 9. Na3 Be6 10. Rc1 c3 11. bxc3 dxc3 12. Qxd8+ Rxd8 13. Nb5 Ke7 14. Nxc3 Bxc3 15.
Rxc3 Bxa2 16. Ng5 h6 17. Ne4 Nd4 18. Rxc7+ Kf8 19. Rxb7 Nxe2+ 20. Kh1 g6 21. Rxa7 Be6 22. Nc5 Bd5 23. Bxd5 Rxd5 24. Re1 Nxg3+ 25. hxg3 Rxc5 26. Ree7 Rf5 27. f4 Kg7 28. Kg2 Rd8 29. Kh3 Rd3 30. Kg4 h5+ 31. Kh4 Rd1 32. Kh3 Rf6 33. Reb7 Rd2 34. Rb8 Rd3 35. Raa8 Rxf4 36. Rg8+ Kh6 37.
Kg2 Rf5 38. Rgb8 Kg5 39. Rb4 Rd2+ 40. Kg1 Re5 41. Ra1 Rde2 42. Rf1 f5 43. Rb6 R2e3 44.
Kg2 Re2+ 45. Kh3 R5e4 46. Rd1 Re6 47. Rb7 R2e3 48. Kg2 h4 49. gxh4+ Kxh4 50. Rh1+ Kg4 51. Rb4+ f4 52. Rf1 Re2+ 53. Kg1 g5 54. Ra4 Re1 55. Kf2 Rxf1+ 56. Kxf1 Kf3 57. Ra3+ Re3 58. Ra4 g4 59. Ra8 g3 60. Rg8 g2+ 61. Kg1 Re1+ 62. Kh2 Rh1# 0-1

[Event "*** Titled Tuesday Blitz"]
[Site "Chess.com"]
[Date "2020.05.05"]
[Round "5"]
[White "Kaliopa"]
[Black "superfast64"]
[Result "1-0"]
[WhiteElo "2094"]
[BlackElo "2280"]
[TimeControl "180+1"]
[EndTime "10:56:47 PDT"]
[Termination "Kaliopa won by resignation"]

1. d4 d5 2. c4 e6 3. Nc3 Be7 4. cxd5 exd5 5. Bf4 c6 6. e3 Bf5 7.
g4 Be6 8. Bd3 Nf6 9. f3 Bd6 10.
Nge2 Qc7 11. Qc2 Nbd7 12. Nb5 Qa5+ 13. Nbc3 Bxf4 14. Nxf4 h6 15. O-O-O O-O-O 16. h4 Ne8 17. g5 hxg5 18. hxg5 Rxh1 19. Rxh1 Nd6 20. g6 Nf6 21. e4 dxe4 22. fxe4 Nde8 23. d5 cxd5 24. exd5 Bd7 25. gxf7 Nd6 26. Nb5+ Kb8 27. Nxd6 Qb6 28. Nc4 Qd4 29.
Qd2 Nxd5 30. Nxd5 Qxd5 31. Qf4+ Ka8 32. f8=Q 1-0

[Event "*** Titled Tuesday Blitz"]
[Site "Chess.com"]
[Date "2020.05.05"]
[Round "5"]
[White "orkan85"]
[Black "vwnv7"]
[Result "0-1"]
[WhiteElo "2472"]
[BlackElo "2330"]
[TimeControl "180+1"]
[EndTime "10:56:48 PDT"]
[Termination "vwnv7 won on time"]

1. e4 c5 2. Nf3 Nc6 3. Bb5 g6 4.
Bxc6 dxc6 5. d3 Bg7 6. h3 e5 7. Nc3 Qe7 8. Be3 Nf6 9. Qd2 Nd7 10. Bh6 f6 11. Bxg7 Qxg7 12. a3 Nf8 13. b4 Qe7 14. Na4 cxb4 15. axb4 Rb8 16. Nc5 b6 17. Na6 Rb7 18. Qc3 Bd7 19. O-O Ne6 20.
d4 exd4 21. Nxd4 Nf4 22. Qe3 g5 23. Rfe1 O-O 24. Ne2 Ng6 25. f4 Re8 26. fxg5 fxg5 27. Qg3 Qxe4 28. Qxg5 Qc4 29. Ng3 Rxe1+ 30. Rxe1 Qxa6 31.
Nh5 Qc4 32. Qd8+ Nf8 33. Qg5+ Ng6 34. Qd8+ Nf8 35. Rf1 Qxb4 0-1

[Event "*** Titled Tuesday Blitz"]
[Site "Chess.com"]
[Date "2020.05.05"]
[Round "5"]
[White "Superfelix"]
[Black "AnnaChessLook"]
[Result "1-0"]
[WhiteElo "2472"]
[BlackElo "2258"]
[TimeControl "180+1"]
[EndTime "10:56:48 PDT"]
[Termination "Superfelix won by resignation"]

1. e4 c5 2. Nf3 Nc6 3. Bb5 g6 4. Bxc6 dxc6 5. h3 Bg7 6. d3 Nf6 7. Be3 Nxe4 8. Qc1 Nf6 9. Bxc5 O-O 10. O-O b6 11. Bd4 c5 12. Bc3 Bb7 13. Nbd2 Re8 14.
Re1 Qc7 15. Ne5 Nd5 16. Ndf3 Nxc3 17. bxc3 f6 18. Nc4 e5 19. Qe3 b5 20. Ncd2 a6 21. a4 Qc6 22. axb5 axb5 23. Qe4 Qxe4 24. Nxe4 Bxe4 25.
dxe4 Kf7 26. Rxa8 Rxa8 27. Rb1 Rb8 28. c4 b4 29. Nd2 Ke6 30. Ra1 Rd8 31. Nb3 Bf8 32.
Ra6+ Kf7 33. Ra7+ Kg8 34. Rc7 Rd1+ 35. Kh2 Re1 36. f3 Re2 37. Nxc5 Rxc2 38. Ne6 Bh6 39. c5 b3 40. Rb7 b2 41. c6 Rxc6 42. Rb8+ Kf7 43.
Nd8+ Ke7 44. Nxc6+ Kd6 45. Na5 Bc1 46. Nc4+ Kc7 47.
Rb3 1-0

[Event "*** Titled Tuesday Blitz"]
[Site "Chess.com"]
[Date "2020.05.05"]
[Round "5"]
[White "Berardino"]
[Black "MasterKroket"]
[Result "0-1"]
[WhiteElo "2636"]
[BlackElo "2445"]
[TimeControl "180+1"]
[EndTime "10:56:49 PDT"]
[Termination "MasterKroket won by checkmate"]

1. e4 c5 2. Nf3 e6 3. d4 cxd4 4. Nxd4 Nc6 5. Nc3 Qc7 6. Be2 a6 7. O-O Nf6 8. Kh1 Nxd4 9. Qxd4 Bc5 10. Qd3 d6 11. Be3 O-O 12. Rad1 b5 13. f4 Bb7 14. Bf3 b4 15. Bxc5 dxc5 16. Ne2 a5 17. e5 Nd5 18.
Be4 g6 19. Qf3 Rad8 20. Ng3 Ba6 21. Rfe1 Ne7 22. Qg4 Rxd1 23. Rxd1 Rd8 24. Re1 Qd7 25.
Nh5 Qd2 26. Nf6+ Kg7 27. Qh4 h6 28. Rg1 Be2 29. h3 Rd4 30. Ne8+ Kf8 31. Nd6 Ng8 32. Qd8+ Kg7 33. Qc7 Rxd6 34. exd6 Nf6 35. Bc6 Qxf4 36.
Bb7 Nh5 37. Qc6 Ng3+ 38. Kh2 Nf1+ 39. Kh1 Qh2# 0-1

[Event "*** Titled Tuesday Blitz"]
[Site "Chess.com"]
[Date "2020.05.05"]
[Round "5"]
[White "Camels1981"]
[Black "Alliswell998"]
[Result "0-1"]
[WhiteElo "2239"]
[BlackElo "2496"]
[TimeControl "180+1"]
[EndTime "10:56:49 PDT"]
[Termination "Alliswell998 won by resignation"]

1. e4 c5 2. Nf3 d6 3. d4 cxd4 4.
Nxd4 Nf6 5. Nc3 a6 6. Bc4 e6 7.
Bb3 Nbd7 8. O-O Nc5 9. f4 Be7 10. f5 O-O 11. fxe6 fxe6 12. Qe2 Bd7 13. Bg5 b5 14. a3 Rc8 15. Kh1 Nxb3 16. Nxb3 Qc7 17. Rad1 Qc4 18. Qxc4 Rxc4 19. e5 Nd5 20. Bxe7 Rxf1+ 21. Rxf1 Nxe7 22. exd6 Nf5 23. Rd1 Rf4 24. Kg1 Ne3 25. Re1 Nxc2 26. Rc1 Nd4 27. Nc5 Rf7 28. Rd1 Nf5 29. N3e4 h6 30. g4 Ne3 31. Rc1 Nd5 32.
Nxd7 Rxd7 33. Rc6 Ne3 34. Rc7 Rf7 35. h3 Rf1+ 36. Kh2 Rd1 37. Nf6+ gxf6 38. d7 Kf8 0-1

[Event "*** Titled Tuesday Blitz"]
[Site "Chess.com"]
[Date "2020.05.05"]
[Round "5"]
[White "Bulldog167"]
[Black "Aikiigm"]
[Result "1-0"]
[WhiteElo "2922"]
[BlackElo "2629"]
[TimeControl "180+1"]
[EndTime "10:56:50 PDT"]
[Termination "Bulldog167 won by resignation"]

1. d4 Nf6 2. c4 b6 3. f3 d6 4. e4 e5 5. Ne2 a5 6. Nbc3 Nc6 7. Be3 Ba6 8. d5 Ne7 9. Nc1 g6 10. Qd2 Nh5 11. g3 f5 12. Bd3 Bg7 13. N1e2 Qd7 14. O-O-O Nf6 15. h3 fxe4 16. fxe4 O-O 17. g4 Qd8 18.
Rdg1 Nd7 19. h4 Nc5 20. h5 Nxd3+ 21. Qxd3 Qd7 22. Bg5 Rf7 23. Qh3 gxh5 24. Qxh5 Bf8 25. Ng3 Bxc4 26. Nf5 Ng6 27. Rh3 b5 28. Rgh1 Nh8 29.
Bh6 Be7 30. Bg7 Qxf5 31. exf5 Rxg7 32. Ne4 Rf8 33. Qh6 Bxd5 34. f6 Bxf6 35. Nxf6+ Rxf6 36. Qxf6 Bxh1 1-0

[Event "*** Titled Tuesday Blitz"]
[Site "Chess.com"]
[Date "2020.05.05"]
[Round "5"]
[White "Biranidun"]
[Black "turayev_shahruh17"]
[Result "0-1"]
[WhiteElo "2704"]
[BlackElo "2552"]
[TimeControl "180+1"]
[EndTime "10:56:52 PDT"]
[Termination "turayev_shahruh17 won on time"]

1. e4 e6 2. d4 d5 3. Nc3 Bb4 4. e5 Ne7 5. a3 Bxc3+ 6. bxc3 c5 7.
Qg4 cxd4 8. Qxg7 Rg8 9. Qxh7 Qc7 10. Ne2 Nbc6 11. f4 dxc3 12. h4 b6 13. Nxc3 Nd4 14. Rh3 Bd7 15. Qd3 Nef5 16. h5 Ba4 17. Nxa4 Nxc2+ 18. Kd1 Nxa1 19. Bb2 Rc8 20. Qb5+ Kf8 21. Rc3 Qd8 22.
Qb4+ Kg7 23. Bxa1 Kh6 24. Kd2 d4 25. Rxc8 Qxc8 26. Qb1 Qc6 27. Qc2 Qxc2+ 28. Kxc2 Ne3+ 29. Kd3 Nxf1 30. Bxd4 Rxg2 31. Nc3 Ng3 32. Nb5 Nxh5 33.
Be3 a6 34. Nd6 Kg6 35. Ke4 Ra2 0-1

[Event "*** Titled Tuesday Blitz"]
[Site "Chess.com"]
[Date "2020.05.05"]
[Round "5"]
[White "abubakrtagelsir"]
[Black "Natalya_Buksa"]
[Result "1-0"]
[WhiteElo "2361"]
[BlackElo "2487"]
[TimeControl "180+1"]
[EndTime "10:56:52 PDT"]
[Termination "abubakrtagelsir won by resignation"]

1. e4 c5 2. Nc3 Nc6 3. f4 e6 4. Nf3 d5 5. d3 dxe4 6. dxe4 Qxd1+ 7.
Nxd1 Nf6 8. Nf2 Nb4 9. Kd1 Bd7 10. c3 Nc6 11. Kc2 O-O-O 12. Be3 h6 13. h4 b6 14. Ba6+ Kc7 15. Rad1 Be7 16. Rd2 Bc8 17. Bb5 Rxd2+ 18. Bxd2 a6 19. Bxc6 Kxc6 20. Ne5+ Kc7 21. Nxf7 Rf8 22.
Ne5 Bb7 23. Re1 Nh5 24. Ng6 Rf7 25. Nxe7 Rxe7 26. g4 Nf6 27. g5 Nh5 28. f5 exf5 29.
exf5 Rxe1 30. Bxe1 hxg5 31. hxg5 Bc8 32. f6 gxf6 33. gxf6 Nxf6 34. Nd1 Bf5+ 35. Kc1 Nd5 36. Bf2 Nf4 37. Bg3 Kc6 38. Bxf4 Be6 39. b3 a5 40. Kb2 b5 41. Nf2 Bf5 42. Nh1 Be6 43.
Ng3 Bf7 44. Nf5 Be6 45. Ne3 Kb6 46. Bg5 Kc6 47. Bd8 a4 48. bxa4 bxa4 49. c4 Kd7 50.
Ba5 Kd6 51. Be1 Ke5 52. Kc3 Ke4 53. Nc2 Ke5 54. Bg3+ Ke4 55. Bf2 Bg4 56. Bxc5 Bd1 57. Ne3 Ke5 58. Nxd1 1-0

[Event "*** Titled Tuesday Blitz"]
[Site "Chess.com"]
[Date "2020.05.05"]
[Round "5"]
[White "Shivagami"]
[Black "Klavdia_Nik"]
[Result "1-0"]
[WhiteElo "2144"]
[BlackElo "1945"]
[TimeControl "180+1"]
[EndTime "10:56:52 PDT"]
[Termination "Shivagami won on time"]

1. d4 Nf6 2. Bf4 c5 3. e3 b6 4. Nf3 Bb7 5. c3 g6 6. Be2 Bg7 7. O-O O-O 8. Nbd2 d6 9. a4 Nc6 10. h3 h6 11. Bd3 Nd5 12. Bh2 e5 13. e4 Nf4 14. Bxf4 exf4 15. Nb3 g5 16. Re1 Qc7 17.
Bc2 c4 18. Nbd2 Na5 19. Qe2 Rfe8 20. e5 dxe5 21. dxe5 Rad8 22. Rad1 Re7 23. Ne4 Rxd1 24. Bxd1 Bxe5 25. Nxe5 Qxe5 26. Nf6+ Qxf6 27. Qxe7 Kg7 28. Qc7 1-0

[Event "*** Titled Tuesday Blitz"]
[Site "Chess.com"]
[Date "2020.05.05"]
[Round "5"]
[White "Antelacus"]
[Black "Kapibara_Warri0r"]
[Result "0-1"]
[WhiteElo "2269"]
[BlackElo "2100"]
[TimeControl "180+1"]
[EndTime "10:56:54 PDT"]
[Termination "Kapibara_Warri0r won on time"]

1. d4 Nf6 2. c4 g6 3. Nc3 d5 4.
cxd5 Nxd5 5. e4 Nxc3 6. bxc3 Bg7 7. Bc4 c5 8. Ne2 O-O 9. h4 Bg4 10. f3 Bd7 11. h5 Qa5 12. O-O cxd4 13. cxd4 Qxh5 14.
Qb3 Nc6 15. Qxb7 Nxd4 16. Nf4 Qc5 17. Be3 Bc6 18. Qa6 Ne2+ 19. Kf2 Bd4 20. Bxd4 Nxd4 21. Nd3 Qg5 22. Kg1 Qe3+ 23. Kh1 Ne2 24. Nf2 Ng3+ 25.
Kg1 Nxf1 26. Rxf1 Bd7 27. Bd5 Rab8 28. Kh2 Bb5 29. Ng4 Qf4+ 30. g3 Bxa6 31. gxf4 Bxf1 0-1

[Event "*** Titled Tuesday Blitz"]
[Site "Chess.com"]
[Date "2020.05.05"]
[Round "5"]
[White "Durarbayli"]
[Black "albi1999"]
[Result "1-0"]
[WhiteElo "2809"]
[BlackElo "2600"]
[TimeControl "180+1"]
[EndTime "10:56:55 PDT"]
[Termination "Durarbayli won by resignation"]

1. e4 c5 2. b3 Nc6 3. Bb2 e6 4. Nf3 d6 5. d4 cxd4 6. Nxd4 Nf6 7. Nc3 Be7 8. Qd2 O-O 9. O-O-O Bd7 10. Ndb5 Ne8 11. Kb1 a6 12. Nd4 Rc8 13. f4 Qb6 14. Nxc6 Bxc6 15. g4 Nc7 16. f5 d5 17. Bd3 dxe4 18. Nxe4 Bxe4 19. Bxe4 Nb5 20. fxe6 fxe6 21. a4 Rf2 22. Qd7 Rc7 23. Qe8+ Rf8 24. Qh5 g6 25. Bxg6 Bf6 26. axb5 Bxb2 27. Kxb2 hxg6 28. Qxg6+ Rg7 29.
Qe4 Qxb5 30. Qxe6+ Kh8 31. Rd5 Qb4 32. Rh5+ 1-0

[Event "*** Titled Tuesday Blitz"]
[Site "Chess.com"]
[Date "2020.05.05"]
[Round "5"]
[White "CzechmVIII"]
[Black "tvjosue"]
[Result "0-1"]
[WhiteElo "2267"]
[BlackElo "2565"]
[TimeControl "180+1"]
[EndTime "10:56:55 PDT"]
[Termination "tvjosue won on time"]

1. e4 c5 2. Nf3 d6 3. d4 cxd4 4. Nxd4 Nf6 5. Nc3 a6 6. Bg5 e6 7.
f4 h6 8. Bh4 Qb6 9. Bxf6 gxf6 10. Qd2 Qxb2 11. Nb3 Nc6 12. Be2 h5 13. O-O Qa3 14.
Qe3 Na5 15. Kh1 Nxb3 16. axb3 Qc5 17. Bb5+ Bd7 18. Bxd7+ Kxd7 19. Qxc5 dxc5 20. e5 f5 21. Na4 Kc7 22. Rad1 b5 23. Nc3 Be7 24. Ne2 Rhd8 25. Ng3 h4 26. Ne2 Rxd1 27. Rxd1 Rd8 28. Rxd8 Kxd8 29.
Kg1 Kd7 30. Kf2 Kc6 31. Nc3 f6 32. g3 hxg3+ 33. Kxg3 fxe5 34. fxe5 Bg5 35. h4 Bh6 36. Ne2 Kd5 37. Nf4+ Kxe5 38. Ng6+ Kd4 39. Kf3 e5 40. Ne7 e4+ 41. Ke2 Ke5 42. Nc6+ Kd6 43. Na5 f4 44. c4 b4 45. Nb7+ Kc6 46. Nd8+ Kd7 47. Nf7 Bg7 48. Ng5 f3+ 49. Ke3 Bh6 0-1

[Event "*** Titled Tuesday Blitz"]
[Site "Chess.com"]
[Date "2020.05.05"]
[Round "5"]
[White "827883"]
[Black "kleopl"]
[Result "0-1"]
[WhiteElo "2216"]
[BlackElo "2442"]
[TimeControl "180+1"]
[EndTime "10:56:55 PDT"]
[Termination "kleopl won by resignation"]

1. e4 d5 2. exd5 Qxd5 3. Nc3 Qd6 4. Bc4 Nc6 5. Nf3 Bg4 6. h3 Bh5 7. g4 Bg6 8. d3 e6 9. Qe2 Nf6 10. Bd2 Be7 11. O-O-O a6 12. g5 Nd5 13. Nxd5 exd5 14. Bb3 Bh5 15. Qe3 O-O-O 16. Rde1 Rhe8 17. Nd4 f6 18. Nxc6 Qxc6 19. Qe6+ Qxe6 20. Rxe6 Bf7 21. Re2 fxg5 22. Rhe1 Kd7 23. Bc3 Bf6 24. Rxe8 Rxe8 25. Rxe8 Kxe8 26. Bxf6 gxf6 27. d4 Be6 28. c3 c6 29. Kd2 Bxh3 30. Ke3 Bf5 31. Bd1 Ke7 32. f4 g4 33. Kf2 h5 34. Kg3 Be4 35. Be2 Ke6 36. Bf1 Kf5 37. Be2 Bb1 38. a3 Ke4 39.
Bf1 Ke3 40. Bg2 Bd3 41. Bh1 Be4 42. Bxe4 Kxe4 0-1

[Event "*** Titled Tuesday Blitz"]
[Site "Chess.com"]
[Date "2020.05.05"]
[Round "5"]
[White "sergoy"]
[Black "Rud_Makarian"]
[Result "0-1"]
[WhiteElo "2856"]
[BlackElo "2750"]
[TimeControl "180+1"]
[EndTime "10:56:56 PDT"]
[Termination "Rud_Makarian won by resignation"]

1. d4 Nf6 2. c4 g6 3. Nf3 Bg7 4. g3 c5 5. Nc3 cxd4 6. Nxd4 h5 7. Bg2 Nc6 8. Nc2 h4 9. Bg5 h3 10. Bf3 Ne5 11. Ne3 Qa5 12. Bxf6 Bxf6 13. O-O Nxf3+ 14.
exf3 Bxc3 15. bxc3 d6 16. Qd4 Qe5 17. Nd5 Qxd4 18.
cxd4 Kd8 19. c5 Be6 20. Nf4 Bd7 21. Rfe1 dxc5 22. dxc5 Bc6 23. Rad1+ Ke8 24. Rd3 Rd8 25. Rde3 Rd7 26. Nd3 f6 27. f4 Kf7 28. f3 a5 29.
a3 Rh5 30. Rc1 Rhd5 31. Nf2 Rd2 32. Rce1 Rc2 33. Nxh3 Rdd2 34. Rb1 Rxh2 0-1

[Event "*** Titled Tuesday Blitz"]
[Site "Chess.com"]
[Date "2020.05.05"]
[Round "5"]
[White "Mikhail_Biryukov"]
[Black "Yaacovn"]
[Result "1/2-1/2"]
[WhiteElo "2699"]
[BlackElo "2860"]
[TimeControl "180+1"]
[EndTime "10:56:56 PDT"]
[Termination "Game drawn by repetition"]

1. e4 c6 2. d4 d5 3. Nd2 dxe4 4. Nxe4 Nf6 5. Nxf6+ gxf6 6. c3 Qd5 7. Qf3 Bf5 8. Qxd5 cxd5 9. Be3 Nc6 10. Kd2 e6 11.
Bd3 Bg6 12. h4 Rg8 13. g3 O-O-O 14. Ne2 Bd6 15. h5 Bxd3 16. Kxd3 Kd7 17. Rae1 Ne7 18.
Bf4 Nf5 19. Bxd6 Nxd6 20. f3 f5 21. b3 b5 22. Reg1 Rg5 23. Rh4 Rdg8 24. Rgh1 h6 25. R4h3 Ne8 26. Ke3 f6 27. Kf2 Nd6 28. Ra1 e5 29. a4 b4 30. cxb4 f4 31. Rg1 fxg3+ 32. Rhxg3 e4 33. f4 Rxg3 34. Rxg3 Rc8 35. Rg6 Ke6 36. Rxh6 Rc2 37. Rh8 Nf5 38. h6 Kf7 39.
Rd8 Nxh6 40. Rxd5 Ng4+ 41. Ke1 Ne3 42. Ra5 Kg6 43. Ng3 Ng2+ 44. Kd1 Ne3+ 45. Ke1 Ng2+ 46. Kd1 Ne3+ 47. Ke1 1/2-1/2

[Event "*** Titled Tuesday Blitz"]
[Site "Chess.com"]
[Date "2020.05.05"]
[Round "5"]
[White "Ashedu66"]
[Black "Shuvalov"]
[Result "0-1"]
[WhiteElo "2156"]
[BlackElo "2436"]
[TimeControl "180+1"]
[EndTime "10:56:56 PDT"]
[Termination "Shuvalov won on time"]

1. d4 d5 2. c4 c6 3. Nf3 Nf6 4. Nc3 dxc4 5. a4 Bf5 6. g3 Nbd7 7. Bg2 e6 8. O-O Bb4 9. Nd2 e5 10. Nxc4 exd4 11. Qxd4 Nb6 12. Qe5+ Be6 13. Nxb6 axb6 14.
Bg5 Be7 15. Rfd1 Qb8 16. Qxb8+ Rxb8 17. Bxf6 Bxf6 18. Ne4 Be5 19. a5 bxa5 20. Rxa5 Bc7 21. Ra7 Ke7 22. Nc5 Bc8 23. Na6 Bb6 24. Nxb8 Bxa7 25.
Nxc6+ bxc6 26. Bxc6 Rd8 27. Ra1 Bb6 28. Bf3 Bh3 29. Bg2 Bxg2 30. Kxg2 Rd2 0-1

[Event "*** Titled Tuesday Blitz"]
[Site "Chess.com"]
[Date "2020.05.05"]
[Round "5"]
[White "Gergo85"]
[Black "mrkvoz"]
[Result "0-1"]
[WhiteElo "2547"]
[BlackElo "2821"]
[TimeControl "180+1"]
[EndTime "10:56:57 PDT"]
[Termination "mrkvoz won on time"]

1. e4 d6 2. d4 Nf6 3. Nc3 e5 4. dxe5 dxe5 5. Qxd8+ Kxd8 6. Bc4 Ke8 7. f4 Nbd7 8. Nf3 Bd6 9. Nb5 Nxe4 10. Bd5 Nef6 11. Nxd6+ cxd6 12. Bb3 Ke7 13. O-O h6 14. fxe5 Nxe5 15.
Re1 Nd7 16. Bd2 f6 17. Rad1 Nc5 18. Bb4 b6 19. Bd5 Rb8 20. Nd4 Bd7 21. Ba3 a5 22.
b3 Rhe8 23. Nc6+ Bxc6 24. Bxc6 Rec8 25. Bd5 b5 26. Bb2 b4 27. a3 Ne6 28. axb4 axb4 29. Rd2 Rc7 30. Re4 Rbc8 31. Rxb4 Rxc2 32. Rb7+ R2c7 33. Rxc7+ Rxc7 34. Ba3 Ra7 35. Bb4 Nc5 36. h3 h5 37. Bc3 Ncd7 38. b4 Nb6 39. Be4 Nbc4 40.
Re2 h4 41. b5 Ra3 42. Bd4 Rb3 43. Bd5 Rb1+ 0-1